 Dungeon Crawl Stone Soup version 0.30-a0-1075-gcd70e7a56d (webtiles) character file.

Game seed: 16830244727493551334

135 Turgor the Shooter (level 5, -1/38 HPs)
             Began as a Formicid Hunter on Apr 12, 2023.
             Was an Initiate of Cheibriados.
             Slain by Sigmund
             ... wielding a +0 scythe
              (5 damage)
             ... on level 3 of the Dungeon on Apr 14, 2023.
             The game lasted 00:15:11 (1877 turns).

Turgor the Shooter (Formicid Hunter)                Turns: 1877, Time: 00:15:12

Health: -1/38      AC:  5    Str: 16    XL:     5   Next: 41%
Magic:  5/5        EV: 12    Int: 12    God:    Cheibriados [......]
Gold:   63         SH:  0    Dex: 18    Spells: 4/4 levels left

rFire   . . .      SeeInvis +    a - +0 shortbow
rCold   . . .      Faith    .    (no shield)
rNeg    . . .      Spirit   .    c - +0 leather armour
rPois   .          Reflect  .    (helmet unavailable)
rElec   .          Rampage  .    (no cloak)
rCorr   .                        (no gloves)
Will    .....                    f - +1 pair of boots
Stlth   ++                       (no amulet)
HPRegen 0.26/turn                (no ring)
MPRegen 0.09/turn                (no ring)

@: brilliant, very slow
A: permanent stasis, dig shafts and tunnels, antennae 3, four strong arms
a: Dig, Shaft Self, Renounce Religion


You were on level 3 of the Dungeon.
You worshipped Cheibriados.
Cheibriados was noncommittal.
You visited 1 branch of the dungeon, and saw 3 of its levels.

You collected 63 gold pieces.

Inventory:

Hand Weapons
 a - a +0 shortbow (weapon)
 n - a +2 dagger of venom
Missiles
 e - 5 poisoned darts
 k - 3 javelins
Armour
 c - a +0 leather armour (worn)
 f - a +1 pair of boots (worn)
Wands
 r - a wand of flame (11)
Scrolls
 b - 3 scrolls of immolation
 g - 2 scrolls of teleportation {unknown}
 i - 2 scrolls of vulnerability
 j - a scroll of identify {unknown}
 o - a scroll of amnesia {unknown}
 q - a scroll of summoning {unknown}
Potions
 p - a potion of might {unknown}


   Skills:
 - Level 2.1 Fighting
 + Level 6.3 Ranged Weapons
 - Level 1.7 Dodging
 - Level 1.2 Stealth


You had 4 spell levels left.
You didn't know any spells.
Your spell library was empty.

Dungeon Overview and Level Annotations

Branches:
Dungeon (3/15)

Altars:
Cheibriados
Xom
Zin

Annotations:
D:3 Sigmund


Innate Abilities, Weirdness & Mutations

You cannot be hasted, slowed, berserked, paralysed or teleported.
You can dig through walls and to a lower floor.
You have a pair of large antennae on your head. (SInv)
Your four strong arms can wield two-handed weapons with a shield.


Message History

You shoot an arrow.
Sigmund casts a spell.
Sigmund flickers and vanishes for a moment.
Non-targeted confused fire: a) +0 shortbow
Press: ? - help, Q - select action, (/) - cycle Dir - look around, f - activate Look: Sigmund, wielding a +0 scythe and wearing a +0 robe (moderately wounded, slightly transparent)
You shoot an arrow. Sigmund casts a spell at you. The puff of flame hits you!
Non-targeted confused fire: a) +0 shortbow
Press: ? - help, Q - select action, (/) - cycle Dir - look around, f - activate Look: Sigmund, wielding a +0 scythe and wearing a +0 robe (moderately wounded, slightly transparent)
You shoot an arrow.
Unknown command.
Non-targeted confused fire: a) +0 shortbow
Press: ? - help, Q - select action, (/) - cycle Dir - look around, f - activate Look: Sigmund, wielding a +0 scythe and wearing a +0 robe (moderately wounded, slightly transparent)
You shoot an arrow.
You feel less confused. Sigmund gestures at you while chanting.
The magic dart hits you!
* * * LOW HITPOINT WARNING * * *
Okay, then.
As you read the scroll labelled BUHORYQACI, it crumbles to dust.
Magic quickly surges around you.
It was a scroll of vulnerability.
Sigmund hits you from afar with a +0 scythe!
* * * LOW HITPOINT WARNING * * *
It was a potion of haste.
Your stasis prevents you from being hasted.
Sigmund closely misses you.
It was a potion of cancellation.
Your magical effects are unravelling.
You feel magically purged.
You feel your willpower return.
It was a potion of brilliance.
You feel clever all of a sudden. Sigmund barely misses you.
It was a potion of magic.
Magic courses through your body.
Sigmund hits you from afar with a +0 scythe.
You die...

.....#. ....#### #...#
.......####.....## #...#
#.........@.##...####...#
#####.###......#........#
# #...##...####.#.#
#######.## ##.#.# #@#
##<...# #.###.....##
#@#........# #..........#
#.#.#......# #
#.......#..# #.
#.#.#........ #.
#......._....# ###.###
###...#####..# #.....#
#.....#...#..
#.....#######.....#...#..


You could see Sigmund (invisible, weak-willed).

Vanquished Creatures
  Natasha (thrice) (D:2)
  Robin (D:2)
  A dart slug (D:1)
  5 bats
  2 endoplasms (D:1)
  3 giant cockroaches
  7 goblins
  11 hobgoblins
  2 quokkas
  3 ball pythons
  2 frilled lizards
  2 kobolds (D:1)
  4 rats
46 creatures vanquished.

Notes
Turn   | Place    | Note
-------+----------+-------------------------------------------
     0 | D:1      | Turgor the Formicid Hunter began the quest for the Orb.
     0 | D:1      | Reached XP level 1. HP: 16/16 MP: 1/1
    98 | D:1      | Reached XP level 2. HP: 22/22 MP: 2/2
   278 | D:1      | Reached XP level 3. HP: 27/27 MP: 3/3
   407 | D:2      | Upgraded the game from 0.30-a0-1066-g63dfefce0d to
                  | 0.30-a0-1074-g5db6f66fbb
   455 | D:2      | Reached skill level 5 in Ranged Weapons
   562 | D:2      | Noticed Natasha
   567 | D:2      | Killed Natasha
   568 | D:2      | Reached XP level 4. HP: 29/33 MP: 4/4
   751 | D:2      | Noticed Robin
   756 | D:2      | Upgraded the game from 0.30-a0-1074-g5db6f66fbb to
                  | 0.30-a0-1075-gcd70e7a56d
   831 | D:2      | Killed Robin
   953 | D:2      | Found a snail-covered altar of Cheibriados.
   961 | D:2      | Became a worshipper of Cheibriados the Contemplative
  1129 | D:2      | Noticed Natasha
  1136 | D:2      | Killed Natasha
  1137 | D:2      | Reached skill level 6 in Ranged Weapons
  1137 | D:2      | Reached XP level 5. HP: 24/38 MP: 5/5
  1512 | D:2      | Noticed Natasha
  1522 | D:2      | Killed Natasha
  1809 | D:3      | Found a glowing silver altar of Zin.
  1809 | D:3      | Found a shimmering altar of Xom.
  1809 | D:3      | Noticed an angel
  1855 | D:3      | Noticed Sigmund
  1877 | D:3      | Slain by Sigmund

Illustrated notes

Levels and vault maps discovered:
D:1:      nicolae_arrival_memento_mori, layout_rooms
D:2:      layout_basic, basic_altar, serial_rivers,
          chequers_serial_rivers_large_a, chequers_serial_rivers_micro_a,
          chequers_serial_rivers_room_a, chequers_serial_rivers_small_3,
          chequers_serial_rivers_micro_d, uniq_robin, uniq_natasha
D:3:      layout_loops_ring, grunt_temple_overflow_order_and_chaos_1,
          ebering_ghost_sewer_f, serial_shops, shop,
          dreamdust_ecumenical_altar_drowned_temple, uniq_sigmund

Skill      XL: |  1  2  3  4 |
---------------+-------------+-----
Ranged Weapons | 5 6 |  6.3
Fighting       | |  2.1
Dodging        | |  1.7
Stealth        | |  1.2

Action                     |  1- 3 |  4- 6 || total
---------------------------+-------+-------++-------
   Fire: Shortbow          |    67 |    72 ||   139
  Throw: Dart              |       |     5 ||     5
Ability: Dig               |     1 |     1 ||     2
    Use: Potion            |       |     4 ||     4
         Scroll            |       |     1 ||     1
 Armour: Leather armour    |     7 |     5 ||    12
  Dodge: Dodged            |    16 |    13 ||    29

Table legend: (Time is in decaauts)
 A = Elapsed time spent in this place.
 B = Non-inter-level travel time spent in this place.
 C = Inter-level travel time spent in this place.
 D = Time resting spent in this place.
 E = Time spent auto-exploring this place.
 F = Levels seen in this place.
 G = Mean time per level.
                   A        B        C        D        E       F      G
               +--------+--------+--------+--------+--------+-----+--------+
         Total |   2133 |   2090 |     43 |      0 |   1371 |   3 |  711.0 |
       Dungeon |   2133 |   2090 |     43 |      0 |   1371 |   3 |  711.0 |
               +--------+--------+--------+--------+--------+-----+--------+

Top non-repeatable levels by time:
     D:2: 1619 daAuts
     D:1: 417 daAuts
     D:3: 96 daAuts
